 Dungeon Crawl Stone Soup version 0.20.0-8-g6b59dc7 (webtiles) character file.

372 Mesmaeker13 the Ducker (level 6, 0/32 HPs)
             Began as a Deep Elf Wizard on May 30, 2017.
             Slain by a wight
             ... wielding a cursed +3 hand axe
              (4 damage)
             ... on level 5 of the Dungeon.
             The game lasted 00:08:33 (4015 turns).

Mesmaeker13 the Ducker (Deep Elf Wizard)            Turns: 4015, Time: 00:08:35

Health: 0/32       AC:  3    Str:  6    XL:     6   Next: 43%
Magic:  6/14       EV: 14    Int: 23    God:
Gold:   141        SH:  0    Dex: 13    Spells: 7/13 levels left

rFire    . . .     SeeInvis .   l - +0 short sword (venom)
rCold    . . .     Gourm    .   (no shield)
rNeg     . . .     Faith    .   a - +0 robe
rPois    .         Spirit   .   b - +0 hat
rElec    .         Reflect  .   (no cloak)
rCorr    .         Harm     .   u - +0 pair of gloves
MR       +....                  (no boots)
Stlth    ++........             (no amulet)
Regen    0.1/turn               h - ring of protection from magic
MPRegen  0.2/turn               (no ring)

@: very slightly contaminated, drained
A: no striking features
a: no special abilities


You were on level 5 of the Dungeon.
You were not hungry.

You visited 1 branch of the dungeon, and saw 5 of its levels.

You collected 167 gold pieces.
You spent 26 gold pieces at shops.

Inventory:

Hand Weapons
 g - a +1 dagger of speed
 l - a +0 short sword of venom (weapon)
 t - a +0 short sword of electrocution
Armour
 a - a +0 robe (worn)
 b - a +0 hat (worn)
 u - a +0 pair of gloves (worn)
Jewellery
 h - a ring of protection from magic (left hand)
 s - an uncursed ring of ice
Wands
 q - a wand of iceblast (7/15)
Scrolls
 e - 2 scrolls of teleportation {unknown}
 m - a scroll of recharging {unknown}
 v - 3 scrolls of fog
Potions
 i - 7 potions of brilliance
 j - a potion of heal wounds {unknown}
 k - 2 potions of curing
 n - a potion of berserk rage {unknown}
 o - a potion of flight {unknown}
 p - a potion of lignification {unknown}
Books
 c - a book of Minor Magic

   Spells                             Type                      Level
   a - Magic Dart                     Conjuration                  1
   b - Blink                          Translocation                2
   c - Call Imp                       Summoning                    2
   d - Slow                           Hexes                        2
   e - Conjure Flame                  Conjuration/Fire             3
   f - Mephitic Cloud                 Conjuration/Poison/Air       3
Comestibles
 d - a bread ration
 f - 5 fruits
 w - a meat ration


   Skills:
 + Level 5.2(4.8) Dodging
 - Level 2.4(2.0) Stealth
 - Level 4.4(4.0) Spellcasting
 + Level 3.9(3.5) Conjurations
 - Level 3.3(2.9) Summonings
   Level 1.1(0.7) Translocations
 + Level 0.2(0.0) Air Magic
 + Level 2.3(1.9) Poison Magic


You had 7 spell levels left.
You knew the following spells:

 Your Spells              Type           Power        Failure   Level  Hunger
a - Magic Dart            Conj           ###.         2%          1    None
b - Call Imp              Summ           ###.....     4%          2    #......
c - Mephitic Cloud        Conj/Pois/Air  ##......     14%         3    ##.....


Dungeon Overview and Level Annotations

Branches:
Dungeon (5/15)
 Temple: D:4-7

Altars:
Gozag
Hepliaklqana
Okawaru
The Shining One

Shops:
D:4 ***


Message History

Your white imp dies!
The wight completely misses your iron imp.
Your iron imp hits the wight but does no damage.
The wight hits you with an enchanted hand axe!
The wight hits your iron imp but does no damage.
Your iron imp hits the wight!
You closely miss the wight.
The wight is severely damaged.
The wight misses you. The wight barely misses your iron imp.
Your iron imp hits the wight but does no damage.
You hit the wight.
The wight is severely damaged.
The wight hits you with an enchanted hand axe!
The wight hits your iron imp but does no damage.
You barely miss the wight.
The wight is severely damaged.
The wight hits you with an enchanted hand axe!
* * * LOW HITPOINT WARNING * * *
You feel drained.
You die...

..#.# #..# ##.#.### #.##
####.....)# #.#
...$#....# #.#
#####......# #.#
....?.....# #.#
########..############.#
#z.#.[..........#
#5@#)############ #..#.#
#..#.# #..#.# #..#.#
#....# ..#######..###
..g........#
..##########


You could see a wight and a friendly iron imp.

Vanquished Creatures
  An ogre (D:4)
  2 scorpions (D:4)
  A hound (D:4)
  A worker ant (D:5)
  2 gnolls
  4 adders
  2 oozes
  2 worms (D:4)
  A leopard gecko (D:1)
  10 orcs
  4 giant cockroaches
  8 goblins
  6 hobgoblins
  3 jackals (D:4)
  2 quokkas
  A ball python (D:1)
  9 bats
  7 frilled lizards
  A jackal skeleton (D:4)
  13 kobolds
  12 rats
  A bush (D:2)
93 creatures vanquished.

Vanquished Creatures (collateral kills)
  2 orcs (D:4)
  A jackal (D:4)
  A ball python (D:4)
4 creatures vanquished.

Grand Total: 97 creatures vanquished

Notes
Turn   | Place    | Note
-------+----------+-------------------------------------------
     0 | D:1      | Mesmaeker13 the Deep Elf Wizard began the quest for the Orb.
     0 | D:1      | Reached XP level 1. HP: 10/10 MP: 7/7
    75 | D:1      | Reached skill level 3 in Dodging
    75 | D:1      | Reached XP level 2. HP: 15/15 MP: 2/9
   729 | D:1      | Reached XP level 3. HP: 15/19 MP: 8/10
   981 | D:2      | Learned a level 2 spell: Call Imp
   998 | D:2      | Found an opulent altar of Gozag.
  1025 | D:2      | Found a glowing golden altar of the Shining One.
  1448 | D:2      | Reached skill level 4 in Dodging
  1448 | D:2      | Reached XP level 4. HP: 22/24 MP: 4/12
  1971 | D:3      | Learned a level 3 spell: Mephitic Cloud
  2064 | D:3      | Found a hazy altar of Hepliaklqana.
  2262 | D:3      | Found an iron altar of Okawaru.
  2727 | D:4      | Found Ronuekuc's Assorted Antiques.
  2816 | D:4      | Reached skill level 1 in Poison Magic
  2816 | D:4      | Reached XP level 5. HP: 28/28 MP: 4/13
  3132 | D:4      | Found Ykhem's Assorted Antiques.
  3171 | D:4      | Reached skill level 5 in Dodging
  3236 | D:4      | Noticed an ogre
  3278 | D:4      | Killed an ogre
  3278 | D:4      | Reached XP level 6. HP: 32/32 MP: 5/14
  3343 | D:4      | Found Xifub's General Store.
  3351 | D:4      | Bought a scroll of identify for 26 gold pieces
  3623 | D:4      | Found Wisoivisch's Assorted Antiques.
  3719 | D:5      | Entered Level 5 of the Dungeon
  4015 | D:5      | Slain by a wight

Skill      XL: |  1  2  3  4  5 |
---------------+----------------+-----
Dodging        | 3 4 5 |  5.2
Conjurations   | 2 3 |  3.9
Summonings     | 2 3 |  3.3
Poison Magic   | 1 2 |  2.3
Stealth        | |  2.4
Spellcasting   | |  4.4
Translocations | |  1.1
Air Magic      | |  0.2

Action                   |  1- 3 |  4- 6 || total
-------------------------+-------+-------++-------
Melee: Dagger            |    34 |       ||    34
       Short sword       |     9 |   149 ||   158
 Cast: Magic Dart        |    75 |    59 ||   134
       Call Imp          |       |    15 ||    15
       Mephitic Cloud    |       |     8 ||     8
  Use: Scroll            |       |     3 ||     3
 Stab: Confused          |       |     4 ||     4
       Sleeping          |       |     2 ||     2
       Distracted        |       |     1 ||     1
  Eat: Chunk             |     1 |     9 ||    10
Armor: Robe              |    20 |    10 ||    30
Dodge: Dodged            |    76 |    71 ||   147
